 Dungeon Crawl Stone Soup version 0.15.0-12-gccce430 (webtiles) character file.

3181345 Kold the Conqueror (level 27, 208/208 HPs)
             Began as a Vine Stalker Berserker on Sept 1, 2014.
             Was a High Priest of Trog.
             Escaped with the Orb
             ... and 5 runes on Sept 2, 2014!
             The game lasted 06:07:54 (74924 turns).

Kold the Conqueror (Vine Stalker Berserker)        Turns: 74924, Time: 06:07:55

HP 208/208       AC 54     Str 20      XL: 27
MP  42/42        EV 27     Int  7      God: Trog [*****.]
Gold 8027        SH  9     Dex 29      Spells:  0 memorised, 26 levels left

rFire  + + .     SeeInvis +     B - +9 quick blade (freeze)
rCold  + . .     Rnd*Rage +     L - +12 gold dragon armour
rNeg   + . .     rCorr    .     d - +2 buckler {rN+}
rPois  +         rRot     +     b - +2 hat {Spirit}
rElec  .         Spirit   +     u - +3 cloak of Flash {+Fly EV+4}
SustAb .         Warding  .     l - +2 pair of gloves {Dex+3}
rMut   +         Stasis   .     z - +2 pair of boots {Stlth+}
Gourm  .                        F - amulet "Grogh" {rMut Slay+3}
MR     +++..                    X - +3 ring of slaying
                                T - ring of Myucvi {rF+ Int+1 SInv}

@: very slightly contaminated, extremely resistant to hostile enchantments,
extremely unstealthy
A: antennae 1, fangs 3, thin metallic scales 1, berserk 1, regeneration 3,
robust 2, weak 1, magic shield, antimagic bite, no device heal 3, rot immunity,
placid magic 1
a: Burn Spellbooks, Berserk, Trog's Hand, Brothers in Arms, Renounce Religion,
Evoke Flight
0: Orb of Zot
}: 5/15 runes: barnacled, slimy, silver, abyssal, gossamer


You escaped.
You worshipped Trog.
Trog was extremely pleased with you.
You were not hungry.

You visited 12 branches of the dungeon, and saw 65 of its levels.
You visited the Abyss 2 times.
You visited 1 Ziggurat, and saw 9 of its levels.
You also visited: Labyrinth, Ice Cave and Wizlab.

You collected 11672 gold pieces.
You spent 3532 gold pieces at shops.

Inventory:

Hand weapons
 B - a +9 quick blade of freezing (weapon)
Armour
 b - a +2 hat of spirit shield (worn)
 d - a +2 buckler of positive energy (worn)
 l - a +2 pair of gloves of dexterity (worn)
 u - the +3 cloak of Flash (worn) {+Fly EV+4}
   (You bought it in a shop on level 1 of the Elven Halls)

   It affects your evasion (+4).
   It lets you fly.
 z - a +2 pair of boots of stealth (worn)
 L - a +12 gold dragon armour (worn)
Magical devices
 e - a wand of teleportation (6)
 v - a wand of disintegration (8)
 y - a wand of invisibility (4)
 H - a wand of draining (6)
 S - a wand of hasting (9)
 V - a wand of digging (12)
Comestibles
 o - 30 meat rations
 p - 43 fruits
Scrolls
 h - 25 scrolls of teleportation
 j - 39 scrolls of identify
 n - a scroll of recharging
 r - 25 scrolls of remove curse
 s - 10 scrolls of fear
 t - 6 scrolls of blinking
 Q - 5 scrolls of silence
 R - 2 scrolls of magic mapping
Jewellery
 c - the amulet of the Skies Above {rMut Str+4 Dex+2}
   (You bought it in a shop on level 3 of the Orcish Mines)

   [amulet of resist mutation]

   It protects you from mutation.
   It affects your strength (+4).
   It affects your dexterity (+2).
 m - an uncursed ring of protection from fire
 q - an uncursed ring of protection from cold
 F - the amulet "Grogh" (around neck) {rMut Slay+3}
   (You found it on level 5 of the Abyss)

   [amulet of resist mutation]

   It protects you from mutation.
   It affects your accuracy and damage with ranged weapons and melee attacks
   (+3).
 I - the amulet of the Hippo {Gourm rF++ MR+}
   (You found it on level 3 of the Elven Halls)

   [amulet of the gourmand]

   It allows you to eat raw meat even when not hungry.
   It greatly protects you from fire.
   It affects your resistance to hostile enchantments.
 J - an uncursed ring of teleport control
 O - an uncursed amulet of resist corrosion
 T - the ring of Myucvi (left hand) {rF+ Int+1 SInv}
   (You found it in a labyrinth)

   [ring of intelligence]

   It affects your intelligence (+1).
   It protects you from fire.
   It enhances your eyesight.
 X - a +3 ring of slaying (right hand)
Potions
 a - 10 potions of haste
 C - 27 potions of curing
 D - 7 potions of resistance
 U - 3 potions of invisibility
 W - 2 potions of cure mutation
 Z - 6 potions of cancellation
Miscellaneous
 f - a phial of floods
 i - a phial of floods
 w - a lamp of fire
 x - a lamp of fire
 E - a lamp of fire
 K - the horn of Geryon
 M - a phial of floods
 N - a phial of floods
 P - a lamp of fire
 Y - a lamp of fire


   Skills:
 O Level 27 Fighting
 - Level 14.0 Short Blades
 + Level 23.6 Armour
 + Level 21.3 Dodging
 - Level 17.0 Stealth
 - Level 5.0 Shields
 - Level 18.0 Evocations


You had 26 spell levels left.
You didn't know any spells.

Dungeon Overview and Level Annotations

Branches:
Dungeon (15/15)            Temple (0/1) D:5             Orc (4/4) D:12
    Elf (3/3) Orc:4          Lair (8/8) D:11         Shoals (5/5) Lair:3
 Spider (5/5) Lair:4        Slime (6/6) Lair:6       Vaults (5/5) D:13
  Crypt (3/3) Vaults:3       Tomb (0/3) Crypt:3      Depths (5/5) D:15
   Hell (1/1)                 Zot (5/5) Depths:5
    Dis: Hell:1         Geh: Hell:1         Coc: Hell:1         Tar: Hell:1

Altars:
Kikubaaqudgha
Xom
Yredelemnul
Beogh
Lugonu

Shops:
D:7 *   D:11 (   Orc:3 =   Orc:4 (!:(   Elf:1 [   Elf:3 !   Shoals:2 (
Vaults:1 [   Vaults:2 !   Vaults:4 ?   Vaults:5 }}?(!!

Portals:
Hell: Depths:1 Depths:2 Depths:3 Depths:4 Depths:5
Abyss: Depths:1 Depths:3 Depths:4
Pandemonium: Depths:3 Depths:5

Annotations:
D:9 abyss dudes, exclusion: door
Crypt:3 exclusion: curse skull


Innate Abilities, Weirdness & Mutations

You have razor-sharp teeth.
You regenerate.
When hurt, damage is shared between your health and your magic reserves.
Your bite disrupts and absorbs the magic of your enemies.
Potions and wands cannot restore your health.
You are immune to rotting.
You have a pair of small antennae on your head.
You are partially covered in thin metallic scales (AC +2).
You tend to lose your temper in combat.
You are very robust (+20% HP).
You are weak. (Str -2)
Your spells are a little easier to cast, but a little less powerful.


Message History

A mysterious force pulls you upwards. The hatch slams shut behind you.
You sense a powerful magical force warping space.
A reaper comes into view. It is wielding a runed scythe.
Your extra speed is starting to run out.
You feel yourself slow down.
A tormentor comes into view.
You block the tormentor's attack. The tormentor closely misses you.
You hit the tormentor. You freeze the tormentor. You bite the tormentor.
The tormentor's magic leaks into the air.
You drain its magic.
The tormentor is heavily wounded.
You closely miss the tormentor. Your bite misses the tormentor.
The tormentor is heavily wounded.
You puncture the tormentor! You freeze the tormentor. You bite the tormentor.
The tormentor's magic leaks into the air.
You drain its magic.
You kill the tormentor!
Trog accepts your kill.
There is a staircase leading out of the dungeon here.
You have escaped!

...............#.###......##
#... ##......###.##.#.#
###.....###2..
#......###.#..#.#
##.....##...
#.......##.#.##.##
#...#.##...
#.......##.#.#...#
##...#.#..#>
###.#...##...#...#
#...........
####.#...##..##...##
#...........
...........>)#.....#
#...........
####.#.#.....#..@..#
####........
#.#.#.###.#.....# #........
#.#.#.# #.##...## ###...#..
#.#.#.###.##...# #...###
#.#........#...# #...#
#.#....######.## #####
#.##..).....#)#
#...........#.#
#.##...####.#.#


There were no monsters in sight!

Vanquished Creatures
  the royal jelly (Slime:6)
  5 orbs of fire (Zot:5)
  5 ancient liches
  Saint Roka (Elf:2)
  2 curse toes (Zot:5)
  Margery (Vaults:3)
  Norris (Elf:3)
  3 Killer Klowns
  Mara (Spider:2)
  Mennas (Depths:3)
  Geryon (Hell)
  9 golden dragons
  A profane servitor (Crypt:3)
  Jory (Depths:4)
  6 electric golems
  the Enchantress (Depths:2)
  9 bone dragons
  Nikola (Spider:3)
  Arachne (Spider:3)
  9 liches
  16 tentacled monstrosities
  An Ice Fiend (IceCv)
  27 Orb Guardians
  A Cloud Mage (WizLab)
  2 quicksilver dragons (Vaults:5)
  A deep elf blademaster (Elf:3)
  7 titans
  A Shadow Fiend (Depths:5)
  A deep elf master archer (Zig:2)
  18 acid blobs
  An octopode crusher (Shoals:4)
  Polyphemus (Shoals:2)
  3 krakens
  4 sphinxes
  16 storm dragons
  Agnes (Crypt:1)
  23 tentacled starspawn
  5 shadow dragons
  5 ancient champions
  A thorn hunter (Zig:2)
  2 daevas
  5 tengu reavers
  10 draconian monks
  Roxanne (Spider:3)
  11 fire giants
  2 revenants
  19 azure jellies
  Ilsuiw (Shoals:5)
  2 greater nagas (Zig:7)
  4 draconian scorchers
  6 frost giants
  Donald (Shoals:3)
  Wiglaf (Depths:3)
  15 deep elf sorcerers
  11 draconian knights
  An iron dragon (Vaults:5)
  6 emperor scorpions
  Aizul (Depths:3)
  6 draconian zealots
  2 cacodemons
  14 vault wardens
  9 ghost moths
  Jorgrun (Shoals:2)
  4 war gargoyles (Vaults:5)
  An angel (Abyss:1)
  6 draconian annihilators
  12 ghouls
  2 reapers
  3 draconian shifters
  7 grey draconians
  5 spriggan defenders
  19 stone giants
  4 draconian callers
  2 curse skulls (Crypt:1)
  3 deep elf demonologists
  An ophan (Abyss:5)
  16 very ugly things
  7 green draconians
  The ghost of Herrn the Basher, a powerful GrFi of Okawaru (D:15)
  7 deep elf annihilators
  7 yellow draconians
  12 white draconians
  3 vampire knights
  8 mottled draconians
  8 red draconians
  8 black draconians
  10 dire elephants
  7 purple draconians
  9 pale draconians
  A blizzard demon (Depths:3)
  13 ettins
  An unborn (Crypt:3)
  Snorg (Shoals:2)
  7 merfolk javelineers
  A green death (Abyss:1)
  4 deep elf death magi
  3 minotaurs
  A crystal guardian (Vaults:5)
  A mummy priest (Crypt:3)
  2 quicksilver dragon zombies (Crypt:3)
  28 vault guards
  9 eidola
  6 death oozes (Slime:6)
  13 merfolk impalers
  2 jiangshi
  13 ironheart preservers
  8 death cobs
  20 fire dragons
  5 deep elf high priests
  Fannar (Lair:5)
  7 great orbs of eyes
  11 rakshasas
  18 yaktaur captains
  22 ice dragons
  Harold (D:11)
  A quicksilver dragon skeleton (Crypt:1)
  8 ghost crabs
  5 spriggan air magi
  A ghost crab (shapeshifter) (Depths:4)
  A ravenous feature mimic (Zot:5)
  4 naga warriors
  12 deep troll earth magi
  6 hydras
  2 sirens
  Erica (Lair:5)
  An anaconda (Zig:7)
  2 alligator snapping turtles
  2 ravenous item mimics
  A spectral human (Vaults:3)
  7 deep troll shamans
  13 ogre magi
  8 centaur warriors
  4 death knights
  A merfolk aquamancer (Shoals:5)
  5 tengu warriors
  5 hell hogs
  A spectral frost giant (Vaults:3)
  A dancing weapon (Abyss:1)
  A titan zombie (Crypt:3)
  7 vampire magi
  37 thrashing horrors
  35 death yaks
  6 orc high priests
  8 soul eaters
  7 spriggan berserkers
  2 sun demons (Hell)
  2 storm dragon zombies
  5 catoblepae
  22 wretched stars
  3 shadow wraiths
  A fire crab (shapeshifter) (Vaults:2)
  A death drake (shapeshifter) (Elf:3)
  12 deep elf knights
  8 ice devils
  8 spatial maelstroms
  A death drake (Zot:2)
  14 unseen horrors
  37 skeletal warriors
  11 flayed ghosts
  10 sea snakes
  Erolcha (D:10)
  20 deep trolls
  2 ghost moth zombies (Crypt:3)
  9 deep elf summoners
  49 large abominations
  12 orb spiders
  A naga ritualist (Zig:7)
  17 hell knights
  8 wizards
  A spectral hydra (Vaults:3)
  19 ironbrand convokers
  A silver statue (Vaults:3)
  A shadow demon (Abyss:4)
  A golden dragon skeleton (Depths:3)
  5 giant orange brains
  3 water nymphs
  16 orc knights
  15 harpies
  25 deep elf conjurers
  An oklob plant (Lair:7)
  10 necromancers
  4 fauns
  7 red wasps
  3 orc sorcerers
  A sphinx zombie (Vaults:5)
  A harpy (shapeshifter) (Depths:1)
  A wolf spider zombie (Crypt:3)
  2 fire giant zombies
  A cyclops (shapeshifter) (Vaults:1)
  18 griffons
  9 hill giants
  2 stone giant zombies
  2 iron dragon zombies
  13 manticores
  A shadow dragon skeleton (Depths:3)
  5 sixfirhies
  3 black mambas (shapeshifter)
  5 worldbinders
  2 draconian zombies (Zot:2)
  8 shining eyes
  A draconian (shapeshifter) (Vaults:4)
  A spectral spriggan (Zig:9)
  A frost giant zombie (Depths:3)
  42 wolf spiders
  A salamander (Depths:4)
  23 phantasmal warriors
  A sphinx skeleton (Crypt:1)
  A moth of wrath (shapeshifter) (Depths:3)
  2 dire elephant zombies (Crypt:3)
  2 hell beasts (Vaults:5)
  33 moths of wrath
  5 elephants
  6 cyclopes
  30 ugly things
  23 vault sentinels
  Maurice (D:11)
  A shock serpent zombie (Crypt:3)
  3 guardian serpents
  13 mermaids
  An elephant (shapeshifter) (Vaults:5)
  Joseph (Lair:1)
  3 apocalypse crabs
  2 frost giant skeletons
  A guardian serpent (shapeshifter) (Vaults:2)
  A spiny frog (shapeshifter) (D:11)
  A dire elephant skeleton (Abyss:1)
  A gargoyle (D:11)
  7 black mambas
  6 torpor snails
  A centaur skeleton (D:12)
  3 orange demons (Abyss:1)
  2 eyes of devastation
  20 smoke demons
  Psyche (D:10)
  15 spiny frogs
  A black draconian zombie (Zot:5)
  2 tormentors
  7 komodo dragons
  4 kobold demonologists
  A white draconian zombie (Zot:5)
  55 yaktaurs
  A yaktaur (shapeshifter) (Depths:5)
  11 hellwings
  A hydra zombie (Crypt:3)
  4 silent spectres
  13 demonic crawlers
  7 fire drakes
  3 komodo dragons (shapeshifter)
  19 deep elf priests
  A red devil (Depths:3)
  17 ancient zymes
  2 guardian mummies (Crypt:3)
  31 jumping spiders
  A pale draconian skeleton (Crypt:2)
  3 efreet (Abyss:5)
  2 spectral glowing shapeshifters
  A wandering mushroom (Abyss:3)
  9 trolls
  A mottled draconian skeleton (Crypt:1)
  2 anaconda simulacra (IceCv)
  15 freezing wraiths
  4 tengu conjurers
  A harpy zombie (Crypt:3)
  A polar bear (Lair:6)
  A tengu simulacrum (Depths:3)
  2 frost giant simulacra
  3 blue devils
  2 catoblepas zombies (Crypt:3)
  Sonja (D:13)
  A troll (shapeshifter) (Vaults:3)
  45 merfolk
  A merfolk (shapeshifter) (Depths:1)
  An iron dragon simulacrum (Abyss:1)
  Prince Ribbit (Orc:1)
  18 ravens
  11 wind drakes
  A moth of wrath zombie (Zot:2)
  A hydra skeleton (D:12)
  19 two-headed ogres
  108 slime creatures
  A minotaur skeleton (Depths:1)
  An ettin zombie (Abyss:5)
  A jumping spider (shapeshifter) (Vaults:2)
  A spectral lindwurm (Zig:9)
  8 boulder beetles
  22 blink frogs
  A blink frog (shapeshifter) (Depths:2)
  A basilisk (shapeshifter) (Vaults:3)
  A spectral elephant (Crypt:1)
  A griffon zombie (D:15)
  50 raiju
  9 shadows
  13 vampires
  8 spriggans
  2 ice dragon zombies
  A redback (shapeshifter) (Vaults:5)
  3 human simulacra
  2 tarantellas (shapeshifter)
  17 water elementals
  18 ynoxinuls
  9 snapping turtles
  3 stone giant simulacra
  26 tarantellas
  5 basilisks
  19 flying skulls
  An ice dragon skeleton (Abyss:1)
  46 yaks
  An ettin skeleton (Depths:3)
  45 redbacks
  22 trapdoor spiders
  40 air elementals
  35 deep elf magi
  31 golden eyes
  40 starcursed masses
  2 black mamba zombies
  A human (shapeshifter) (Depths:1)
  9 wraiths
  Eustachio (D:10)
  An elf zombie (Depths:3)
  2 fire bats (Abyss:1)
  4 wyverns
  16 neqoxecs
  9 humans (Zot:2)
  2 elf skeletons
  6 harpy simulacra (IceCv)
  3 hydra simulacra (IceCv)
  A hill giant zombie (D:13)
  A raven zombie (Crypt:2)
  An iron troll simulacrum (IceCv)
  3 hungry ghosts
  21 vampire mosquitoes
  33 deep elf fighters
  A deep troll zombie (Vaults:3)
  14 human zombies
  14 hippogriffs
  4 wargs
  9 chaos spawn
  2 nagas (Abyss:5)
  A soldier ant (D:15)
  8 raven skeletons (Crypt:3)
  40 small abominations
  9 spatial vortices
  4 mottled dragons
  A swamp drake (Zot:3)
  A tengu skeleton (D:13)
  8 yellow wasps
  14 porcupines
  42 spiders
  5 sky beasts
  A spiny frog skeleton (Crypt:2)
  15 water moccasins
  14 necrophages
  3 ettin simulacra (IceCv)
  3 phantoms
  A snapping turtle zombie (Abyss:1)
  9 ice beasts
  A manticore skeleton (D:15)
  55 ogres
  14 boggarts
  45 orc warriors
  A boring beetle (shapeshifter) (Vaults:2)
  3 big kobolds
  An elephant skeleton (Crypt:2)
  A brain worm (D:15)
  Sigmund (D:2)
  3 boring beetles
  23 centaurs
  20 crocodiles
  2 yaktaur zombies
  2 gnoll sergeants
  A salamander zombie (Crypt:1)
  23 giant frogs
  3 human skeletons
  4 earth elementals
  A spiny frog simulacrum (Crypt:1)
  13 eyes of draining
  15 insubstantial wisps
  A cyclops skeleton (D:13)
  22 killer bees
  A water moccasin skeleton (D:5)
  10 scorpions
  A yak skeleton (Crypt:2)
  2 troll skeletons
  A spectral centaur (Crypt:2)
  29 wights
  3 spriggan skeletons (Lab)
  3 electric eels
  8 quasits
  2 goliath beetles
  8 iron imps
  3 draconian simulacra (IceCv)
  10 hounds
  A soldier ant zombie (Crypt:1)
  27 jellies
  A yaktaur simulacrum (Vaults:1)
  12 crimson imps
  A giant frog zombie (D:8)
  A black bear skeleton (Crypt:2)
  A basilisk skeleton (D:13)
  40 orc priests
  18 iguanas
  5 troll simulacra (IceCv)
  31 orc wizards
  5 polar bear simulacra (IceCv)
  5 orange rats
  30 sheep
  13 worker ants
  A naga zombie (Crypt:3)
  2 sky beast zombies
  A centaur simulacrum (IceCv)
  A felid skeleton (Crypt:2)
  An ogre skeleton (D:8)
  A dwarf skeleton (Crypt:1)
  An ogre zombie (D:5)
  A worker ant zombie (D:6)
  Terence (D:2)
  5 mummies
  48 green rats
  14 gnolls
  A naga simulacrum (IceCv)
  20 adders
  A steam dragon skeleton (D:9)
  3 giant mites
  11 white imps
  8 shadow imps
  4 worms
  33 ufetubi
  An adder skeleton (Crypt:1)
  An adder zombie (D:7)
  14 giant geckos
  An ooze (D:4)
  193 orcs
  A ball python (D:5)
  27 bats
  A bat zombie (D:6)
  8 giant cockroaches
  22 hobgoblins
  11 jackals
  19 kobolds
  10 quokkas
  A giant gecko zombie (D:7)
  12 giant newts
  2 giant spores
  A gnoll skeleton (Crypt:2)
  25 goblins
  A goblin zombie (D:5)
  A jackal skeleton (D:3)
  A jackal zombie (D:6)
  A kobold skeleton (D:8)
  4 lurking horrors
  An orc zombie (Crypt:3)
  18 rats
  6 ballistomycetes
  A bush (Abyss:3)
  A crawling corpse (Elf:3)
  2 fungi
  4 plants
  14 starspawn tentacles
  12 tentacles
3949 creatures vanquished.

Vanquished Creatures (collateral kills)
  A lich (Vaults:5)
  An Orb Guardian (Zot:5)
  3 acid blobs (Slime:6)
  A deep elf sorcerer (Elf:3)
  A deep elf demonologist (Vaults:5)
  A deep elf death mage (Elf:3)
  An ettin (Vaults:5)
  A death ooze (Slime:6)
  8 vault guards (Vaults:5)
  A yaktaur captain (Vaults:5)
  A thrashing horror (Zig:5)
  3 orb spiders
  A necromancer (Vaults:5)
  3 slime creatures (Slime:6)
  2 wolf spiders
  5 yaktaurs (Vaults:5)
  A two-headed ogre (Vaults:4)
  A deep elf priest (Elf:3)
  2 earth elementals (Elf:3)
  A golden eye (Slime:6)
  An orc warrior (Orc:4)
  A boring beetle (Lair:7)
  A yaktaur skeleton (Vaults:5)
  2 eyes of draining (Zig:8)
  2 jellies (Zig:8)
  An orc priest (Orc:4)
  A sheep (Lair:8)
  An orc (Orc:4)
  3 crawling corpses (Elf:3)
  A starspawn tentacle (Zig:5)
53 creatures vanquished.

Vanquished Creatures (others)
  A storm dragon (Zot:4)
  A draconian knight (Zot:4)
  A stone giant (Vaults:5)
  5 hell beasts
  An orb spider (Spider:3)
  A hill giant (Zot:5)
  18 water elementals
  A merfolk (Shoals:3)
  15 fire elementals
  A trapdoor spider (Spider:1)
  A golden eye (Abyss:5)
  2 earth elementals (Orc:4)
  A big kobold (Lair:8)
  An ogre (Depths:2)
  A human simulacrum (Vaults:5)
  A boggart (Depths:3)
  A centaur (D:14)
  10 lost souls
  A scorpion (Spider:3)
  A quasit (Abyss:5)
  A jelly (Abyss:5)
  A shadow imp (D:8)
  A white imp (Abyss:1)
  An ufetubus (Abyss:3)
  2 orcs
  A giant spore (D:8)
  6 lurking horrors
  3 fungi
  3 plants
  23 starspawn tentacles
  163 starspawn tentacle segments
  16 tentacles
  264 tentacle segments
550 creatures vanquished.

Grand Total: 4552 creatures vanquished

Notes
Turn   | Place    | Note
--------------------------------------------------------------
     0 | D:1      | Kold, the Vine Stalker Berserker, began the quest for the Orb.
     0 | D:1      | Reached XP level 1. HP: 11/11 MP: 1/1
    40 | D:1      | Reached skill level 1 in Stealth
    91 | D:1      | Reached XP level 2. HP: 16/16 MP: 3/3
   150 | D:1      | Reached skill level 3 in Short Blades
   404 | D:1      | Acquired Trog's second power
   431 | D:1      | Reached XP level 3. HP: 16/19 MP: 4/4
   703 | D:2      | Noticed Terence
   712 | D:2      | Killed Terence
   712 | D:2      | Reached XP level 4. HP: 13/23 MP: 5/5
   777 | D:2      | Noticed Sigmund
   804 | D:2      | Killed Sigmund
   804 | D:2      | Reached skill level 4 in Short Blades
   804 | D:2      | Reached XP level 5. HP: 20/27 MP: 5/7
  1903 | D:3      | Gained mutation: You heal very quickly. [vine stalker growth]
  1903 | D:3      | Reached XP level 6. HP: 17/32 MP: 8/8
  2068 | D:4      | Reached skill level 5 in Stealth
  2340 | D:4      | Reached skill level 5 in Short Blades
  2738 | D:4      | Reached skill level 6 in Stealth
  2738 | D:4      | Reached XP level 7. HP: 26/35 MP: 9/9
  2834 | D:4      | Acquired Trog's third power
  2869 | D:5      | Entered Level 5 of the Dungeon
  2988 | D:5      | Identified a -2 rod of the swarm (9/9) (You found it on level 5 of the Dungeon)
  3091 | D:5      | Reached skill level 7 in Stealth
  3207 | D:5      | Gained mutation: You have razor-sharp teeth. [vine stalker growth]
  3207 | D:5      | Reached XP level 8. HP: 39/39 MP: 11/11
  3222 | D:5      | Reached skill level 8 in Stealth
  3444 | D:5      | Found a staircase to the Ecumenical Temple.
  4268 | D:7      | Reached skill level 9 in Short Blades
  4268 | D:7      | Reached XP level 9. HP: 43/43 MP: 12/12
  4828 | D:7      | Reached skill level 10 in Short Blades
  5070 | D:7      | Found Schodymango's General Store.
  5597 | D:8      | Reached skill level 11 in Short Blades
  5652 | D:8      | Reached XP level 10. HP: 24/47 MP: 7/13
  6219 | D:9      | Reached skill level 12 in Short Blades
  6304 | D:9      | Received a gift from Trog
  6328 | D:9      | Reached skill level 13 in Short Blades
  6328 | D:9      | Reached XP level 11. HP: 49/56 MP: 6/15
  6462 | D:9      | Noticed a wizard
  6472 | D:9      | Killed a wizard
  6489 | D:9      | Noticed a large abomination
  6489 | D:9      | Noticed a large abomination
  6489 | D:9      | Noticed a large abomination
  6489 | D:9      | Noticed a large abomination
  6610 | D:9      | Noticed a cyclops
  6618 | D:9      | Killed a cyclops
  6618 | D:9      | Reached skill level 14 in Short Blades
  7006 | D:10     | Entered Level 10 of the Dungeon
  7184 | D:10     | Noticed a hill giant
  7190 | D:10     | Noticed Erolcha
  7193 | D:10     | Killed a hill giant
  7193 | D:10     | Reached skill level 1 in Shields
  7193 | D:10     | Reached skill level 1 in Evocations
  7213 | D:10     | Killed Erolcha
  7354 | D:10     | Noticed Psyche
  7355 | D:10     | Noticed a hill giant
  7399 | D:10     | Killed a hill giant
  7508 | D:10     | Killed Psyche
  7717 | D:10     | Noticed Eustachio
  7730 | D:10     | Killed Eustachio
  8017 | D:11     | Noticed Harold
  8057 | D:11     | Killed Harold
  8057 | D:11     | Gained mutation: You regenerate. [vine stalker growth]
  8057 | D:11     | Reached XP level 12. HP: 39/62 MP: 21/21
  8092 | D:11     | Found a staircase to the Lair.
  8255 | D:11     | Found Friowot's Weapon Shop.
  8306 | D:11     | Received a gift from Trog
  8438 | D:11     | Gained mutation: You can breathe flames. [potion of mutation]
  8438 | D:11     | Gained mutation: You are partially covered in thin metallic scales (AC +2). [potion of mutation]
  8439 | D:11     | Gained mutation: You can breathe fire. [potion of mutation]
  8439 | D:11     | Gained mutation: You have a pair of small antennae on your head. [potion of mutation]
  8439 | D:11     | Lost mutation: You can breathe fire. [potion of mutation]
  8702 | D:11     | Noticed Maurice
  8704 | D:11     | Killed Maurice
  8820 | Lair:1   | Entered Level 1 of the Lair of Beasts
  8887 | Lair:1   | Reached skill level 5 in Evocations
  9009 | Lair:1   | Noticed Joseph
  9022 | Lair:1   | Killed Joseph
  9160 | Lair:1   | Received a gift from Trog
  9161 | Lair:1   | Got an ancient cutlass {god gift}
  9169 | Lair:1   | Identified the +9 cutlass "Gruadgh" {slice, rC+} (Trog gifted it to you on level 1 of the Lair of Beasts)
  9412 | Lair:1   | Reached skill level 5 in Armour
  9490 | Lair:1   | Reached skill level 5 in Dodging
  9686 | Lair:2   | Reached skill level 5 in Shields
 10242 | Lair:2   | Received a gift from Trog
 10745 | Lair:2   | Reached XP level 13. HP: 65/65 MP: 24/24
 11561 | Lair:3   | Found a staircase to the Shoals.
 11738 | Lair:4   | Found a hole to the Spider Nest.
 11755 | Lair:4   | Found a labyrinth entrance.
 11762 | Lab      | Entered a labyrinth
 11982 | Lab      | Noticed a minotaur
 11986 | Lab      | Killed a minotaur
 11988 | Lab      | Got a smoking bone ring
 11989 | Lab      | Got an ichor-stained leather armour
 12003 | Lair:4   | Identified the +1 leather armour of Beogh's Favour {Slay+3 Curse} (You found it in a labyrinth)
 12030 | Lair:4   | Identified the ring of Myucvi {rF+ Int+1 SInv} (You found it in a labyrinth)
 12347 | Lair:4   | Received a gift from Trog
 13139 | Lair:5   | Noticed Fannar
 13159 | Lair:5   | Killed Fannar
 13247 | Lair:5   | Noticed Erica
 13260 | Lair:5   | Killed Erica
 13454 | Lair:5   | Received a gift from Trog
 13982 | Lair:6   | Found a staircase to the Slime Pits.
 14032 | Lair:6   | Reached XP level 14. HP: 76/76 MP: 25/25
 14096 | Lair:6   | Reached skill level 10 in Fighting
 15289 | Lair:7   | Gained mutation: You are robust (+10% HP). [helix card]
 15292 | Lair:7   | Gained mutation: Your magical capacity is low (-10% MP). [helix card]
 15486 | Lair:7   | Received a gift from Trog
 15978 | Lair:8   | Entered Level 8 of the Lair of Beasts
 16113 | Lair:8   | Your ally Neyrphe died
 16626 | Lair:8   | Reached XP level 15. HP: 88/91 MP: 26/26
 16757 | Lair:8   | Reached skill level 10 in Evocations
 17570 | D:12     | Received a gift from Trog
 17817 | D:12     | Found a staircase to the Orcish Mines.
 18288 | Orc:1    | Entered Level 1 of the Orcish Mines
 18288 | Orc:1    | Found a shimmering altar of Xom.
 18329 | Orc:1    | Noticed Prince Ribbit
 18338 | Orc:1    | Killed Prince Ribbit
 18338 | Orc:1    | Reached XP level 16. HP: 85/96 MP: 25/28
 18374 | Orc:1    | Received a gift from Trog
 19611 | Orc:3    | Found Shriyreca's Jewellery Shop.
 19623 | Orc:3    | Bought the amulet of the Skies Above {rMut Str+4 Dex+2} for 834 gold pieces
 19668 | Orc:4    | Entered Level 4 of the Orcish Mines
 19818 | Orc:4    | Received a gift from Trog
 19940 | Orc:4    | Found a staircase to the Elven Halls.
 20286 | Orc:3    | Received a gift from Trog
 20287 | Orc:3    | Got an iridescent dagger {god gift}
 20288 | Orc:3    | Identified the +5 dagger "Mappiomi" {stab, rC+ rN+} (Trog gifted it to you on level 3 of the Orcish Mines)
 20533 | Orc:4    | Found a roughly hewn altar of Beogh.
 21178 | Orc:4    | Found Pezaogut's Weapon Shop.
 21179 | Orc:4    | Found Laesapni's Antique Weapon Shop.
 21191 | Orc:4    | Found Harche's Book Shop.
 21205 | Orc:4    | Found Ommioch's Distillery.
 21218 | Orc:4    | Bought a potion of curing for 30 gold pieces
 21218 | Orc:4    | Bought a potion of curing for 30 gold pieces
 21286 | Elf:1    | Entered Level 1 of the Elven Halls
 21303 | Elf:1    | Received a gift from Trog
 21722 | Elf:1    | Found Ohajos' Armour Boutique.
 21734 | Elf:1    | Bought the +3 cloak of Flash {+Fly EV+4} for 590 gold pieces
 22131 | Elf:2    | Noticed Saint Roka
 22160 | Elf:2    | Killed Saint Roka
 22160 | Elf:2    | Reached skill level 15 in Evocations
 22307 | Elf:2    | Found a frozen archway.
 22344 | IceCv    | Entered an ice cave
 22722 | IceCv    | Noticed an Ice Fiend
 22772 | IceCv    | Killed an Ice Fiend
 22772 | IceCv    | Reached skill level 16 in Evocations
 22863 | IceCv    | Got a crude iron amulet
 22877 | IceCv    | Identified the amulet of Erupuell {Ward rN+ Dex-2 Curse} (You found it in an ice cave)
 23035 | Elf:2    | Received a gift from Trog
 23036 | Elf:2    | Got a brightly glowing dagger {god gift}
 23076 | Elf:2    | Reached XP level 17. HP: 100/100 MP: 31/31
 23871 | Elf:3    | Entered Level 3 of the Elven Halls
 23928 | Elf:3    | Noticed Norris
 23946 | Elf:3    | Killed Norris
 23946 | Elf:3    | Reached skill level 17 in Evocations
 24071 | Elf:3    | Found Treps' Distillery.
 24080 | Elf:3    | Bought a potion of resistance for 140 gold pieces
 24536 | Elf:3    | Received a gift from Trog
 24742 | Elf:3    | Bought a potion of haste for 140 gold pieces
 24885 | Elf:3    | Noticed a deep elf blademaster
 24910 | Elf:3    | Killed a deep elf blademaster
 24914 | Elf:3    | Reached skill level 18 in Evocations
 25210 | Elf:3    | Cast into the Abyss (deep elf sorcerer)
 25461 | Abyss:1  | Reached XP level 18. HP: 110/110 MP: 33/33
 25835 | Elf:3    | Escaped the Abyss
 25864 | Elf:3    | Got a crude scale mail
 25866 | Elf:3    | Got a faintly humming ring mail
 25884 | Elf:3    | Identified the +3 scale mail "Agyragau" {+Blink +Inv rElec rF- Slay+4} (You found it on level 3 of the Elven Halls)
 25894 | Elf:3    | Identified the cursed +1 ring mail "Ykkommil" {rF+ SInv Stlth++} (You found it on level 3 of the Elven Halls)
 26025 | Elf:3    | Got a glittering copper ring
 26040 | Elf:3    | Got a pitted ruby amulet
 26042 | Elf:3    | Got a smoking robe
 26058 | Elf:3    | Identified the ring "Rokhloju" {+Rage rN+ MP+9} (You found it on level 3 of the Elven Halls)
 26064 | Elf:3    | Identified the amulet of the Hippo {Gourm rF++ MR+} (You found it on level 3 of the Elven Halls)
 26087 | Elf:3    | Identified the +2 robe of Bedevilment {Dex+3 Int-4} (You found it on level 3 of the Elven Halls)
 26519 | D:13     | Found a gate to the Vaults.
 26575 | D:13     | Received a gift from Trog
 26677 | D:13     | Noticed Sonja
 26708 | D:13     | Killed Sonja
 27715 | D:14     | Received a gift from Trog
 28007 | D:15     | Entered Level 15 of the Dungeon
 28342 | D:15     | Noticed Herrn's ghost (powerful GrFi)
 28367 | D:15     | Killed Herrn's ghost
 28716 | D:15     | Found a staircase to the Depths.
 28809 | D:15     | Received a gift from Trog
 29253 | Shoals:1 | Entered Level 1 of the Shoals
 29880 | Shoals:2 | Found Frean's Weapon Shoppe.
 29994 | Shoals:2 | Noticed Snorg
 30010 | Shoals:2 | Killed Snorg
 30010 | Shoals:2 | Reached skill level 10 in Armour
 30030 | Shoals:2 | Noticed Jorgrun
 30044 | Shoals:2 | Killed Jorgrun
 30152 | Shoals:2 | Noticed Polyphemus
 30172 | Shoals:2 | Killed Polyphemus
 30177 | Shoals:2 | Reached XP level 19. HP: 80/117 MP: 33/33
 30618 | Shoals:2 | Identified a scroll of acquirement
 30900 | Shoals:3 | Received a gift from Trog
 30905 | Shoals:3 | Noticed Donald
 30914 | Shoals:3 | Killed Donald
 31561 | Shoals:4 | Got a shimmering robe
 31572 | Shoals:4 | Identified the +1 robe "Tysh" {rPois rC+} (You found it on level 4 of the Shoals)
 32116 | Shoals:5 | Entered Level 5 of the Shoals
 32116 | Shoals:5 | Noticed Ilsuiw
 32275 | Shoals:5 | Received a gift from Trog
 32395 | Shoals:5 | Killed Ilsuiw
 32781 | Shoals:5 | Got a heavily runed graven amulet
 32786 | Shoals:5 | Identified the cursed amulet "Smiaxzi" {Inacc +Inv MR++} (You found it on level 5 of the Shoals)
 33040 | Shoals:5 | Got a distressingly furry ring mail
 33051 | Shoals:5 | Identified the +5 ring mail of Pnahy {rF++ rN+ Slay+4} (You found it on level 5 of the Shoals)
 33127 | Shoals:5 | Got a barnacled rune of Zot
 33431 | Spider:1 | Entered Level 1 of the Spider Nest
 33482 | Spider:1 | Received a gift from Trog
 34650 | Spider:2 | Reached XP level 20. HP: 123/123 MP: 34/34
 34960 | Spider:2 | Received a gift from Trog
 35261 | Spider:3 | Noticed Nikola
 35261 | Spider:3 | Noticed Roxanne
 35264 | Spider:3 | Noticed Mara
 35416 | Spider:3 | Killed Roxanne
 35416 | Spider:3 | Received a gift from Trog
 35434 | Spider:2 | Killed Mara
 35482 | Spider:3 | Killed Nikola
 35773 | Spider:3 | Noticed Arachne
 35787 | Spider:3 | Killed Arachne
 35787 | Spider:3 | Reached skill level 15 in Armour
 36187 | Spider:4 | Reached skill level 15 in Fighting
 37607 | Spider:4 | Received a gift from Trog
 37903 | Spider:5 | Entered Level 5 of the Spider Nest
 38454 | Spider:5 | Received a gift from Trog
 38730 | Spider:5 | Got a gossamer rune of Zot
 39525 | Vaults:1 | Entered Level 1 of the Vaults
 39583 | Vaults:1 | Reached XP level 21. HP: 133/133 MP: 31/35
 39899 | Vaults:1 | Received a gift from Trog
 39952 | Vaults:1 | Found Ghiadi's Armour Shoppe.
 39958 | Vaults:1 | Bought a +0 buckler of poison resistance for 153 gold pieces
 40876 | Vaults:1 | Received a gift from Trog
 40877 | Vaults:1 | Got an ebony cutlass {god gift}
 40878 | Vaults:1 | Identified the +8 cutlass of Urrusmic {speed, +Rage rF+ MR+ Str+1} (Trog gifted it to you on level 1 of the Vaults)
 41399 | Vaults:2 | Received a gift from Trog
 41762 | Vaults:2 | Reached skill level 19 in Fighting
 41789 | Vaults:2 | Found Suciq's Distillery.
 42036 | Vaults:2 | Got a dazzling cloak
 42053 | Vaults:2 | Identified the +0 cloak "Skey" {rPois} (You found it on level 2 of the Vaults)
 42496 | Vaults:3 | Received a gift from Trog
 42502 | Vaults:3 | Reached XP level 22. HP: 126/144 MP: 35/35
 42565 | Vaults:3 | Noticed Margery
 42576 | Vaults:3 | Killed Margery
 42688 | Vaults:3 | Found a staircase to the Crypt.
 43225 | Vaults:3 | Reached skill level 20 in Fighting
 43416 | Vaults:4 | Found Thuqul's Magic Scroll Emporium.
 43428 | Vaults:4 | Bought a scroll of enchant weapon for 120 gold pieces
 43439 | Vaults:4 | Received a gift from Trog
 43884 | Vaults:4 | Received a gift from Trog
 44437 | Vaults:5 | Entered Level 5 of the Vaults
 44611 | Vaults:4 | Reached skill level 21 in Fighting
 44761 | Vaults:1 | Received a gift from Trog
 44911 | Depths:1 | Entered Level 1 of the Depths
 45262 | Depths:1 | Found a corrupted altar of Lugonu.
 45263 | Depths:1 | Found a one-way gate to the infinite horrors of the Abyss.
 45305 | Depths:1 | Found a gateway to Hell.
 45401 | Depths:1 | Reached XP level 23. HP: 154/154 MP: 36/36
 46051 | Depths:2 | Received a gift from Trog
 46052 | Depths:2 | Reached skill level 22 in Fighting
 46452 | Hell     | Entered the Vestibule of Hell
 46452 | Hell     | Noticed Geryon
 46471 | Hell     | Killed Geryon
 46675 | Depths:2 | Found an ancient bone altar of Kikubaaqudgha.
 46691 | Depths:2 | Received a gift from Trog
 46791 | Depths:2 | Noticed the Enchantress
 46832 | Depths:2 | Killed the Enchantress
 46888 | Depths:2 | Got a faerie dragon armour
 46908 | Depths:2 | Identified the +3 faerie dragon armour {rPois Str-6} (You took it off the Enchantress on level 2 of the Depths)
 46952 | Depths:2 | Reached skill level 23 in Fighting
 47056 | Depths:2 | Received a gift from Trog
 47095 | Depths:3 | Found a gateway to a ziggurat.
 47141 | Depths:3 | Noticed Mennas
 47167 | Depths:3 | Killed Mennas
 47176 | Depths:3 | Noticed Wiglaf
 47193 | Depths:3 | Killed Wiglaf
 47647 | Depths:3 | Reached XP level 24. HP: 165/165 MP: 36/36
 47717 | Depths:3 | Reached XP level 25. HP: 169/169 MP: 36/36
 47821 | Depths:3 | Found a one-way gate leading to the halls of Pandemonium.
 47870 | Depths:3 | Received a gift from Trog
 48246 | Depths:3 | Noticed Aizul
 48258 | Depths:3 | Killed Aizul
 48445 | Depths:4 | Reached skill level 24 in Fighting
 48652 | Depths:4 | Received a gift from Trog
 48876 | Depths:4 | Noticed Jory
 48892 | Depths:4 | Killed Jory
 49230 | Depths:5 | Entered Level 5 of the Depths
 49350 | Depths:5 | Got a polished scimitar
 49351 | Depths:5 | Identified the +4 scimitar of Infinite Pain {speed, Contam +Inv +Fly SInv Stlth+} (You found it on level 5 of the Depths)
 49394 | Depths:5 | Reached skill level 25 in Fighting
 49397 | Depths:5 | Received a gift from Trog
 49436 | Depths:5 | Gained mutation: Your spells are a little easier to cast, but a little less powerful. [mutagenic glow]
 49512 | Depths:5 | Found a gate to the Realm of Zot.
 49601 | Depths:5 | Received a gift from Trog
 49651 | Depths:5 | Received a gift from Trog
 49703 | Depths:5 | Reached XP level 26. HP: 174/181 MP: 36/36
 51673 | Slime:1  | Entered Level 1 of the Pits of Slime
 51720 | Slime:1  | Gained mutation: Armour fits poorly on your strangely shaped body. [a shining eye]
 51898 | Slime:2  | Reached skill level 26 in Fighting
 52097 | Slime:3  | Received a gift from Trog
 52251 | Slime:1  | Gained mutation: You are dopey. (Int -2) [a shining eye]
 52276 | Slime:1  | Gained mutation: Your magical capacity is very low (-20% MP). [a shining eye]
 52692 | Lair:1   | Lost mutation: Armour fits poorly on your strangely shaped body. [potion of cure mutation]
 52692 | Lair:1   | Lost mutation: Your magical capacity is very low (-20% MP). [potion of cure mutation]
 52692 | Lair:1   | Lost mutation: Your magical capacity is low (-10% MP). [potion of cure mutation]
 52692 | Lair:1   | Lost mutation: You can breathe flames. [potion of cure mutation]
 52692 | Lair:1   | Lost mutation: Your spells are a little easier to cast, but a little less powerful. [potion of cure mutation]
 52692 | Lair:1   | Lost mutation: You are dopey. (Int -2) [potion of cure mutation]
 52947 | Slime:4  | Gained mutation: Your spells are a little easier to cast, but a little less powerful. [a shining eye]
 53061 | Slime:6  | Entered Level 6 of the Pits of Slime
 53066 | Slime:6  | Gained mutation: You are weak. (Str -2) [a shining eye]
 53153 | Slime:6  | Received a gift from Trog
 53211 | Slime:6  | Noticed the royal jelly
 53220 | Slime:6  | Killed the royal jelly
 53254 | Slime:6  | HP: 9/184 [acid blob/splash of acid[the royal jelly] (4)]
 53835 | Slime:6  | Got a slimy rune of Zot
 54697 | Vaults:5 | Reached skill level 27 in Fighting
 54879 | Vaults:5 | Found Ashom's Distillery.
 54900 | Vaults:5 | Reached XP level 27. HP: 191/191 MP: 42/42
 55023 | Vaults:5 | Found Wihijet's Distillery.
 55276 | Vaults:5 | Found Igoamp's Antique Weapon Shoppe.
 55436 | Vaults:5 | Reached skill level 10 in Dodging
 55448 | Vaults:5 | Received a gift from Trog
 55660 | Vaults:5 | Found Nohaju's Magic Scroll Boutique.
 55685 | Vaults:5 | Bought a scroll of enchant armour for 135 gold pieces
 55777 | Vaults:5 | Found Tev Lotz's Gadget Shoppe.
 55777 | Vaults:5 | Noticed an ancient lich
 55791 | Vaults:5 | Killed an ancient lich
 55851 | Vaults:5 | Bought a lamp of fire for 680 gold pieces
 55851 | Vaults:5 | Bought a lamp of fire for 680 gold pieces
 55953 | Vaults:5 | Noticed an ancient lich
 55978 | Vaults:5 | Killed an ancient lich
 55997 | Vaults:5 | Found Ifaidgh's Gadget Shoppe.
 56001 | Vaults:5 | Got a silver rune of Zot
 56694 | Crypt:1  | Entered Level 1 of the Crypt
 56794 | Crypt:1  | Noticed Agnes
 56798 | Crypt:1  | Killed Agnes
 56798 | Crypt:1  | Received a gift from Trog
 57187 | Crypt:1  | Noticed an ancient lich
 57728 | Crypt:2  | Found a magical portal.
 57758 | WizLab   | Entered The Chambers of Ehapp the Cloud Mage
 58881 | Crypt:3  | Entered Level 3 of the Crypt
 59461 | Crypt:3  | Found a staircase to the Tomb.
 59659 | Crypt:3  | Got a faintly glowing pewter ring
 59676 | Crypt:3  | Identified the ring of Cahedusi {rN+ Int+2} (You found it on level 3 of the Crypt)
 59788 | Crypt:3  | Found a basalt altar of Yredelemnul.
 61049 | Depths:1 | Voluntarily entered the Abyss.
 61052 | Abyss:1  | Noticed a lich
 61067 | Abyss:1  | Killed a lich
 61573 | Abyss:1  | Received a gift from Trog
 63621 | Abyss:1  | Reached skill level 15 in Dodging
 63670 | Abyss:1  | Found a blossoming altar of Fedhas.
 63707 | Abyss:1  | Found a blossoming altar of Fedhas.
 64011 | Abyss:1  | Received a gift from Trog
 64012 | Abyss:1  | Found a corrupted altar of Lugonu.
 65241 | Abyss:5  | Entered Level 5 of the Abyss
 65241 | Abyss:5  | Found a corrupted altar of Lugonu.
 65352 | Abyss:5  | Gained mutation: You are very robust (+20% HP). [potion of beneficial mutation]
 65543 | Abyss:5  | Received a gift from Trog
 66143 | Abyss:5  | Got an abyssal rune of Zot
 66248 | Abyss:5  | Received a gift from Trog
 66316 | Abyss:5  | Noticed an ancient lich
 66337 | Abyss:5  | Killed an ancient lich
 66470 | Abyss:5  | Got a warped ruby amulet
 66510 | Depths:1 | Escaped the Abyss
 66519 | Depths:1 | Identified the amulet "Grogh" {rMut Slay+3} (You found it on level 5 of the Abyss)
 66819 | D:9      | Killed a large abomination
 66820 | D:9      | Noticed a large abomination
 66821 | D:9      | Killed a large abomination
 66822 | D:9      | Killed a large abomination
 66827 | D:9      | Killed a large abomination
 66831 | D:9      | Killed a large abomination
 67197 | Zig:1    | Entered Level 1 of a ziggurat
 67212 | Zig:2    | Entered Level 2 of a ziggurat
 67229 | Zig:3    | Entered Level 3 of a ziggurat
 67256 | Zig:4    | Entered Level 4 of a ziggurat
 67297 | Zig:5    | Entered Level 5 of a ziggurat
 67337 | Zig:6    | Entered Level 6 of a ziggurat
 67391 | Zig:6    | Got a pair of faintly glowing gloves
 67404 | Zig:6    | Identified the +1 pair of gloves "Pnauxe" {rN+ Curse} (You found it on level 6 of a ziggurat)
 67466 | Zig:7    | Entered Level 7 of a ziggurat
 67501 | Zig:7    | Received a gift from Trog
 67554 | Zig:7    | Got a distressingly furry steam dragon armour
 67556 | Zig:7    | Identified the cursed -4 steam dragon armour of Indemnity {rF+ Int-3} (You found it on level 7 of a ziggurat)
 67563 | Zig:8    | Entered Level 8 of a ziggurat
 67586 | Zig:8    | Reached skill level 10 in Stealth
 67638 | Zig:9    | Entered Level 9 of a ziggurat
 67696 | Zig:9    | Reached skill level 15 in Stealth
 67881 | Zot:1    | Entered Level 1 of the Realm of Zot
 68582 | Zot:1    | Received a gift from Trog
 70596 | Zot:3    | Received a gift from Trog
 71644 | Zot:4    | Received a gift from Trog
 72473 | Zot:5    | Entered Level 5 of the Realm of Zot
 73339 | Zot:5    | Noticed an ancient lich
 73353 | Zot:5    | Noticed an orb of fire
 73361 | Zot:5    | Killed an ancient lich
 73507 | Zot:5    | Gained mutation: You tend to lose your temper in combat. [an orb of fire]
 73521 | Zot:5    | Killed an orb of fire
 73610 | Zot:5    | Received a gift from Trog
 73632 | Zot:5    | Noticed an orb of fire
 73646 | Zot:5    | Killed an orb of fire
 73664 | Zot:5    | Noticed an orb of fire
 73676 | Zot:5    | Killed an orb of fire
 73753 | Zot:5    | Noticed an orb of fire
 73834 | Zot:5    | Noticed an orb of fire
 73839 | Zot:5    | Noticed an orb of fire
 73842 | Zot:5    | Noticed an ancient lich
 73848 | Zot:5    | Killed an orb of fire
 73860 | Zot:5    | Killed an orb of fire
 73867 | Zot:5    | Killed an ancient lich
 74124 | Zot:5    | Got the Orb of Zot
 74177 | Zot:5    | Noticed an ancient lich
 74398 | Depths:5 | Noticed Ojadiemn the pandemonium lord
 74924 | D:$      | Escaped with the Orb!

Action                   |  1- 3 |  4- 6 |  7- 9 | 10-12 | 13-15 | 16-18 | 19-21 | 22-24 | 25-27 || total
-------------------------+-------+-------+-------+-------+-------+-------+-------+-------+-------++-------
Melee: Short sword       |    93 |   172 |   274 |   165 |       |       |       |       |       ||   704
       Cutlass           |       |       |   112 |   449 |   482 |       |       |       |       ||  1043
       Quick blade       |       |       |       |       |   490 |  1724 |  1649 |  1023 |  5350 || 10236
       Scimitar          |       |       |       |       |    10 |       |       |       |       ||    10
 Fire: Blowgun           |       |       |       |       |     2 |       |       |       |       ||     2
Invok: Berserk           |     1 |     1 |     4 |     4 |     1 |     2 |     4 |     4 |     7 ||    28
       Trog's Hand       |     1 |     1 |     3 |     5 |     2 |    10 |    13 |     6 |    32 ||    73
       Brothers in Arms  |       |       |       |       |       |       |     1 |       |     4 ||     5
 Abil: Evoke Flight      |       |       |       |       |       |     3 |     3 |     1 |     3 ||    10
       Breathe Fire      |       |       |       |       |       |       |     1 |       |       ||     1
       Evoke Teleport Co |       |       |       |       |       |       |       |       |     2 ||     2
Evoke: Wand              |     1 |     1 |     5 |     3 |     5 |     5 |     3 |     1 |    20 ||    44
       Rod               |       |       |     1 |       |       |       |       |       |       ||     1
       Deck              |       |       |       |       |    14 |       |       |       |       ||    14
       Stone of tremors  |       |       |       |       |       |     4 |       |       |       ||     4
       Lamp of fire      |       |       |       |       |       |     3 |     7 |     3 |    14 ||    27
       Phial of floods   |       |       |       |       |       |       |     1 |     1 |    10 ||    12
       Horn of Geryon    |       |       |       |       |       |       |       |       |     3 ||     3
  Use: Scroll            |       |       |    11 |     6 |     7 |     4 |     3 |     6 |    32 ||    69
       Potion            |       |       |     7 |    10 |     3 |     1 |       |     1 |    10 ||    32
 Stab: Sleeping          |     4 |    10 |    16 |    33 |    23 |    37 |    42 |    13 |    12 ||   190
       Distracted        |       |       |     2 |     1 |       |     7 |     7 |     1 |     4 ||    22
       Invisible         |       |       |       |       |     1 |       |       |       |     1 ||     2
  Eat: Chunk             |       |     7 |    10 |    21 |    26 |    33 |    31 |    18 |    22 ||   168
       Meat ration       |       |       |     1 |       |       |     1 |       |       |     5 ||     7
       Fruit             |       |       |       |     1 |       |     2 |     1 |       |    16 ||    20
       Beef jerky        |       |       |       |       |       |     1 |     1 |     1 |     5 ||     8
       Pizza             |       |       |       |       |       |       |     4 |       |     4 ||     8
       Bread ration      |       |       |       |       |       |       |     1 |     2 |     5 ||     8
       Royal jelly       |       |       |       |       |       |       |     1 |       |     2 ||     3
